 Dungeon Crawl Stone Soup version 0.29-a0-298-g3c90f9a769 (webtiles) character file.

Game seed: 3820632760990222610

29 kae the Firebug (level 3, 0/20 HPs)
             Began as a Tengu Fire Elementalist on Mar 22, 2022.
             Succumbed to an adder's poison
             ... on level 1 of the Dungeon.
             The game lasted 00:00:55 (1718 turns).

kae the Firebug (Tengu Fire Elementalist)           Turns: 1718, Time: 00:00:55

Health: 0/20       AC:  4    Str:  8    XL:     3   Next: 16%
Magic:  2/7        EV: 12    Int: 17    God:
Gold:   42         SH:  4    Dex: 14    Spells: 5/6 levels left

rFire   . . .      SeeInvis .   j - +0 dagger (vorpal)
rCold   . . .      Faith    .   d - +0 buckler
rNeg    . . .      Spirit   .   a - +0 robe
rPois   .          Reflect  .   (helmet restricted)
rElec   .          Harm     .   (no cloak)
rCorr   .          Rampage  .   l - +1 pair of gloves
Will    .....                   (boots unavailable)
Stlth   ++........              (no amulet)
HPRegen 0.06/turn               (no ring)
MPRegen 0.10/turn               (no ring)

@: mighty, lethally poisoned (0 -> -3)
A: beak, talons 3
a: no special abilities


You were on level 1 of the Dungeon.
You visited 1 branch of the dungeon, and saw 2 of its levels.

You collected 42 gold pieces.

Inventory:

Hand Weapons
 j - a +0 vorpal dagger (weapon)
Armour
 a - a +0 robe (worn)
 d - a +0 buckler (worn)
 l - a +1 pair of gloves (worn)
Jewellery
 e - an amulet of guardian spirit
Scrolls
 c - a scroll of acquirement {unknown}
 i - a scroll of identify {unknown}
Potions
 b - a potion of magic
 g - a potion of degeneration {unknown}
 h - a potion of resistance {unknown}
 k - a potion of brilliance {unknown}


   Skills:
 + Level 0.8 Fighting
 - Level 2.1 Dodging
 - Level 2.0 Stealth
 * Level 1.2 Shields
 + Level 2.1 Spellcasting
 + Level 1.9 Conjurations
 * Level 3.7 Fire Magic


You had 5 spell levels left.
You knew the following spells:

 Your Spells              Type           Power      Damage    Failure   Level
a - Foxfire               Conj/Fire      44%        2x1d6     8%          1

Your spell library contained the following spells:

 Spells                   Type           Power      Damage    Failure   Level
 Scorch                   Fire           28%        2d6       9%          2
 Conjure Flame            Conj/Fire      11%        6-21      24%         3
 Beastly Appendage        Tmut           2%         N/A       26%         1
 Inner Flame              Hex/Fire       8%         N/A       34%         3
 Wereblood                Tmut           1%         N/A       36%         2
 Spider Form              Tmut/Pois      1%         N/A       58%         3
 Flame Wave               Conj/Fire      11%        2d5       61%         4


Dungeon Overview and Level Annotations

Branches:
Dungeon (2/15)

Altars:

Annotations:
D:2 Sigmund


Innate Abilities, Weirdness & Mutations

You have a beak for a mouth.
You have claws for feet.


Message History

The adder is heavily wounded.
The adder closely misses you. The adder bites you.
Casting: Foxfire (safe; 10% risk of failure)
Confirm with . or Enter, or press ? or * to list all spells.
You miscast Foxfire.
You are very lightly contaminated with residual magic.
Nothing appears to happen.
You feel sick. The adder bites you.
You feel sick. The adder bites you.
You are lethally poisoned!
The adder poisons you!
You climb upwards.
You feel very sick.
There is a stone staircase leading down here.
Casting: Foxfire (safe; 10% risk of failure)
Confirm with . or Enter, or press ? or * to list all spells.
You conjure some foxfire!
* * * LOW HITPOINT WARNING * * *
You feel sick. The adder barely misses you.
* * * LOW HITPOINT WARNING * * *
You feel sick.
The foxfire hits the adder.
The adder is severely wounded.
The foxfire hits the adder but does no damage.
The adder is severely wounded.
The adder barely misses you. You block the adder's attack.
Casting: Foxfire (safe; 10% risk of failure)
Confirm with . or Enter, or press ? or * to list all spells.
You conjure some foxfire!
* * * LOW HITPOINT WARNING * * *
You feel sick. The adder closely misses you.
* * * LOW HITPOINT WARNING * * *
You feel sick.
The foxfire hits the adder.
You kill the adder!
Your magical contamination has completely faded away.
You have reached level 3!
Your experience leads to an increase in your attributes!
Increase (S)trength, (I)ntelligence, or (D)exterity?
You feel clever. x2
It was a potion of might.
You feel very mighty all of a sudden.
You die...

#.......#######.##..
#.......# #.##.. #....(..#
#.##.. #.......# #####.##..
#.......###.......##
#........##.###.#.#
#........##.....#.#
#....v...##..#.##.#
#.§@§....##.......##
####§####.##.#######.
#######....##...##.........
#..........##.############.
#.#####.#............# #.
#.#...#.......######.# #.
#.#.#.#............#.# #.
#)#.#.#.##.......#.#.# #.
#.#.#)#.##.#####.#.#.# #.


There were no monsters in sight!

Vanquished Creatures
  An adder (D:1)
  A dart slug (D:1)
  A bat (D:1)
  2 giant cockroaches
  4 goblins
  3 hobgoblins
  A quokka (D:1)
  3 ball pythons (D:1)
16 creatures vanquished.

Vanquished Creatures (others)
  74 foxfires
74 creatures vanquished.

Grand Total: 90 creatures vanquished

Notes
Turn   | Place    | Note
-------+----------+-------------------------------------------
     0 | D:1      | kae the Tengu Fire Elementalist began the quest for the
                  | Orb.
     0 | D:1      | Reached XP level 1. HP: 10/10 MP: 4/4
   129 | D:1      | Found a faded altar of an unknown god.
   506 | D:1      | Reached XP level 2. HP: 7/16 MP: 0/6
  1458 | D:2      | Reached skill level 1 in Shields
  1497 | D:2      | Noticed Sigmund
  1718 | D:1      | Reached XP level 3. HP: 1/20 MP: 2/7
  1718 | D:1      | Succumbed to an adder's poison

Illustrated notes

Levels and vault maps discovered:
D:1:      dpeg_arrival_tiny_j, layout_basic, shapermc_ecumenical_altar_acropolis
D:2:      layout_rooms, uniq_sigmund

Skill      XL: |  1  2 |
---------------+-------+-----
Shields        | 1 |  1.2
Fighting       | |  0.8
Dodging        | |  2.1
Stealth        | |  2.0
Spellcasting   | |  2.1
Conjurations   | |  1.9
Fire Magic     | |  3.7

Action                   || total
-------------------------++-------
Melee: Unarmed           ||     8
       Kick              ||     3
       Peck              ||     1
       Dagger            ||     1
 Cast: Foxfire           ||    40
  Use: Scroll            ||     4
       Potion            ||     1
Armor: Robe              ||     4
Dodge: Dodged            ||    12
Block: Buckler           ||     6

Table legend: (Time is in decaauts)
 A = Elapsed time spent in this place.
 B = Non-inter-level travel time spent in this place.
 C = Inter-level travel time spent in this place.
 D = Time resting spent in this place.
 E = Time spent auto-exploring this place.
 F = Levels seen in this place.
 G = Mean time per level.
                   A        B        C        D        E       F      G
               +--------+--------+--------+--------+--------+-----+--------+
         Total |   1721 |   1698 |     23 |      0 |   1506 |   2 |  860.5 |
       Dungeon |   1721 |   1698 |     23 |      0 |   1506 |   2 |  860.5 |
               +--------+--------+--------+--------+--------+-----+--------+

Top non-repeatable levels by time:
     D:1: 1621 daAuts
     D:2: 100 daAuts
